 Dungeon Crawl Stone Soup version 0.19-a0-188-ga21aea4 (webtiles) character file.

77 epen the Insei (level 4, -1/34 HPs)
             Began as a Merfolk Transmuter on May 23, 2016.
             Slain by an orc priest
             ... wielding a +0 club
              (5 damage)
             ... on level 2 of the Dungeon.
             The game lasted 00:02:50 (2102 turns).

epen the Insei (Merfolk Transmuter)                 Turns: 2102, Time: 00:02:51

Health: -1/34      AC:  2    Str: 10    XL:     4   Next: 34%
Magic:  14/16      EV: 22    Int: 13    God:
Gold:   106        SH:  0    Dex: 19    Spells: 3 memorised, 1 level left

rFire  . . .     SeeInvis .       - Unarmed
rCold  . . .     Gourm    .     (armour currently unavailable)
rNeg   . . .     Faith    .     (shield currently unavailable)
rPois  .         Spirit   .     (helmet currently unavailable)
rElec  .         Dismiss  .     (cloak currently unavailable)
rCorr  .         Reflect  .     (gloves currently unavailable)
SustAt .         Harm     .     (boots currently unavailable)
MR     .....                    (no amulet)
Stlth  ++........               t - ring of poison resistance
                                l - ring of magical power

@: spider-form (expiring), not resistant to hostile enchantments, unstealthy
A: (change form in water), (swift swim)
a: End Transformation


You were on level 2 of the Dungeon.
You were not hungry.
You were a venomous arachnid creature.
You visited 1 branch of the dungeon, and saw 3 of its levels.

You collected 106 gold pieces.

Inventory:

Missiles
 a - 66 arrows
Armour
 b - a +0 robe (melded)
 q - a +0 pair of gloves (melded)
Jewellery
 l - a ring of magical power (left front leg)
 t - a ring of poison resistance (right front leg)
Scrolls
 g - 2 scrolls of identify {unknown}
 h - a scroll of fog {unknown}
 i - a scroll of recharging {unknown}
 k - a scroll of noise {unknown}
 m - a scroll of teleportation {unknown}
 o - a scroll of magic mapping {unknown}
 r - a scroll of remove curse {unknown}
Potions
 e - 4 potions of heal wounds {unknown}
 j - a potion of degeneration {unknown}
 n - a potion of curing {unknown}
 p - a potion of flight {unknown}
Books
 c - a book of Changes

   Spells                             Type                      Level
   a - Beastly Appendage              Transmutation                1
   b - Sticks to Snakes               Transmutation                2
   c - Spider Form                    Transmutation/Poison         3
   d - Ice Form                       Ice/Transmutation            4
   e - Blade Hands                    Transmutation                5
Comestibles
 d - 4 bread rations
 f - 2 meat rations
 s - 3 chunks of flesh


   Skills:
 + Level 2.6 Fighting
 + Level 3.6 Dodging
 * Level 3.8 Unarmed Combat
 + Level 2.2 Spellcasting
 * Level 3.4 Transmutations


You had one spell level left.
You knew the following spells:

 Your Spells              Type           Power        Failure   Level  Hunger
a - Beastly Appendage     Trmt           ##....       21%         1    ##.....
b - Sticks to Snakes      Trmt           ##......     24%         2    ###....
c - Spider Form           Trmt/Pois      #.........   61%         3    ####...


Dungeon Overview and Level Annotations

Branches:
Dungeon (3/15)

Altars:
Yredelemnul


Message History

The orc is severely wounded.
Unknown command.
You kill the orc!
The orc priest closely misses you.
The orc priest mumbles some strange prayers to Beogh against you.
Pain shoots through your body!
The orc priest invokes the aid of Beogh against you.
Beogh smites you!
There is a stone staircase leading up here.
Unknown command.
Okay, then.
The orc priest miscasts a cantrip.
The orc misses you.
You climb upwards.
There is a stone staircase leading down here.
You barely miss the orc priest. The orc priest hits you with a club!
* * * LOW HITPOINT WARNING * * *
The orc barely misses you.
You completely miss the orc priest. The orc priest hits you with a club.
You die...

..###.....#.# #.######..........<
..# ###.....# #.# #...........
..# ####### #.# #........... ..#
########'######........... ..#
#............##........... ###
#............##...........
#............+............
#.........o..#............
#........s...#.†..........
#.........o..#.########'##
#....<.......#.########.#
#............#.##....####
##'##..........##.##.#####
#########.##......######.##.##...
.##....##.##......# #.##.##.##
.''...('..........# #.#...#.#.
.##....##.).......# #.#.....#.


You could see an orc priest and an orc.

Vanquished Creatures
  4 adders
  A dart slug (D:3)
  2 giant geckos (D:2)
  An orc (D:3)
  3 bats
  A giant cockroach (D:1)
  5 goblins
  7 hobgoblins
  3 giant newts
  3 kobolds
  7 rats
37 creatures vanquished.

Vanquished Creatures (collateral kills)
  A worm (D:2)
1 creature vanquished.

Grand Total: 38 creatures vanquished

Notes
Turn   | Place    | Note
--------------------------------------------------------------
     0 | D:1      | epen the Merfolk Transmuter began the quest for the Orb.
     0 | D:1      | Reached XP level 1. HP: 15/15 MP: 3/3
   404 | D:1      | Reached XP level 2. HP: 14/22 MP: 5/5
   738 | D:2      | Learned a level 2 spell: Sticks to Snakes
  1341 | D:2      | Reached XP level 3. HP: 22/27 MP: 6/6
  1458 | D:2      | Learned a level 3 spell: Spider Form
  1488 | D:2      | Found a basalt altar of Yredelemnul.
  1904 | D:3      | Reached XP level 4. HP: 25/34 MP: 7/7
  2102 | D:2      | Slain by an orc priest

Vault maps used:
D:1:      nagdon_arrival_double_spiral, serial_park_tiny_pond,
          supply_closet_lemuel
D:2:      overflow_temple_1_default, first_bread

Skill      XL: |  1  2  3 |
---------------+----------+-----
Dodging        | 3 |  3.6
Transmutations | 3 |  3.4
Fighting       | 2 |  2.6
Unarmed Combat | |  3.8
Spellcasting   | |  2.2

Action                   |  1- 3 |  4- 6 || total
-------------------------+-------+-------++-------
Melee: Unarmed           |    99 |    15 ||   114
       Headbutt          |     2 |       ||     2
       Punch             |     2 |       ||     2
 Cast: Sticks to Snakes  |     8 |       ||     8
       Beastly Appendage |     2 |       ||     2
       Spider Form       |     2 |     2 ||     4
 Stab: Sleeping          |     1 |       ||     1
       Distracted        |     1 |       ||     1
  Eat: Chunk             |     3 |     2 ||     5
Armor: Robe              |    10 |     1 ||    11
       Skin              |     1 |     1 ||     2
Dodge: Dodged            |    69 |    11 ||    80
